 Dungeon Crawl Stone Soup version 0.21.1-1-g345015f (webtiles) character file.

37 Kagorn the Poker (level 3, -3/33 HPs)
             Began as a Naga Gladiator on June 12, 2018.
             Slain by inc's ghost (14 damage)
             ... on level 3 of the Dungeon.
             The game lasted 00:11:45 (1320 turns).

Kagorn the Poker (Naga Gladiator)                   Turns: 1320, Time: 00:11:46

Health: -3/33      AC: 12    Str: 17    XL:     3   Next: 41%
Magic:  3/3        EV: 10    Int:  8    God:
Gold:   137        SH:  0    Dex: 12    Spells: 2/2 levels left

rFire    . . .     SeeInvis +   m - +2 mace (protect)
rCold    + . .     Gourm    .   (no shield)
rNeg     . . .     Faith    .   r - +2 leather armour {rC+}
rPois    +         Spirit   .   c - +0 helmet
rElec    .         Reflect  .   (no cloak)
rCorr    .         Harm     .   (no gloves)
MR       .....                  (no barding)
Stlth    +.........             (no amulet)
HPRegen  0.11/turn              (no ring)
MPRegen  0.08/turn              (no ring)

@: protection aura, invisible, very slow
A: large, see invisible, deformed body, poison resistance, slowness 2, slow
metabolism 1, spit poison 1, AC +1
a: Spit Poison


You were on level 3 of the Dungeon.
You were not hungry.

You visited 1 branch of the dungeon, and saw 3 of its levels.

You collected 137 gold pieces.

Inventory:

Hand Weapons
 a - a +0 trident
 m - a +2 mace of protection (weapon)
Missiles
 d - 3 throwing nets (quivered)
Armour
 b - a +0 leather armour
 c - a +0 helmet (worn)
 i - a +0 cloak
 r - a +2 leather armour of cold resistance (worn)
Jewellery
 g - an uncursed amulet of guardian spirit {unknown}
 p - an uncursed ring of wizardry {unknown}
Scrolls
 e - 2 scrolls of enchant weapon
 n - a scroll of enchant armour {unknown}
Potions
 h - a potion of heal wounds {unknown}
 j - a potion of lignification {unknown}
 k - a potion of haste {unknown}
 l - 2 potions of agility {unknown}
Comestibles
 f - 4 rations


   Skills:
 * Level 2.5 Fighting
 * Level 3.3 Polearms
 + Level 2.0 Throwing
 + Level 0.4 Armour
 + Level 2.6 Dodging
 + Level 1.0 Stealth


You had 2 spell levels left.
You didn't know any spells.

Dungeon Overview and Level Annotations

Branches:
Dungeon (3/15)

Altars:
Fedhas

Annotations:
D:3 inc's ghost, amateur OpFi


Innate Abilities, Weirdness & Mutations

You cannot wear boots.
Your serpentine skin is tough. (AC +1)
You have supernaturally acute eyesight. (SInv)
Armour fits poorly on your strangely shaped body.
Your system is resistant to poisons. (rPois)
You cover ground very slowly.
You have a slow metabolism.
You can spit poison.


Message History

Inc's ghost is moderately damaged.
Inc's ghost barely misses you. Inc's ghost hits you.
You hit inc's ghost.
Inc's ghost is heavily damaged.
Inc's ghost hits you.
You hit inc's ghost.
Inc's ghost is heavily damaged.
Inc's ghost barely misses you. x2
You closely miss inc's ghost.
Inc's ghost is heavily damaged.
Inc's ghost barely misses you.
You barely miss inc's ghost.
Inc's ghost is heavily damaged.
Inc's ghost closely misses you.
You hit inc's ghost.
Inc's ghost is heavily damaged.
Inc's ghost hits you. x2
You fade into invisibility!
Inc's ghost hits you!
You die...

... ... #.. #..
#.. +..
#..############
#....W@........
#.#############
.. ..# ##


You could see inc's ghost.

Vanquished Creatures
  2 oozes (D:1)
  A leopard gecko (D:3)
  3 bats (D:1)
  A giant cockroach (D:2)
  4 goblins
  5 hobgoblins
  A ball python (D:1)
  4 frilled lizards
  2 kobolds
  5 rats
  A fungus (D:2)
29 creatures vanquished.

Notes
Turn   | Place    | Note
-------+----------+-------------------------------------------
     0 | D:1      | Kagorn the Naga Gladiator began the quest for the Orb.
     0 | D:1      | Reached XP level 1. HP: 19/19 MP: 1/1
    61 | D:1      | Reached XP level 2. HP: 20/26 MP: 2/2
   459 | D:1      | Reached skill level 1 in Stealth
   459 | D:1      | Reached XP level 3. HP: 31/33 MP: 3/3
   960 | D:2      | Found a blossoming altar of Fedhas.
  1264 | D:3      | Noticed a scorpion
  1303 | D:3      | Noticed inc's ghost (amateur OpFi)
  1320 | D:3      | Slain by inc's ghost

Skill      XL: |  1  2 |
---------------+-------+-----
Throwing       | 2 |  2.0
Stealth        | 1 |  1.0
Fighting       | |  2.5
Polearms       | |  3.3
Armour         | |  0.4
Dodging        | |  2.6

Action                   || total
-------------------------++-------
Melee: Trident           ||    86
       Mace              ||    18
  Use: Scroll            ||     8
       Potion            ||     1
 Stab: Sleeping          ||     3
  Eat: Ration            ||     1
Armor: Leather armour    ||    26
Dodge: Dodged            ||    48
